 Dungeon Crawl Stone Soup version 0.30-a0-219-gf2db51d15e (webtiles) character file.

Game seed: 5240664843003247516

13779 Iusername the Severer (level 11, -1/102 HPs)
             Began as a Minotaur Fighter on Oct 7, 2022.
             Was a Believer of Dithmenos.
             Succumbed to a cane toad's poison
             ... on level 1 of the Lair of Beasts.
             The game lasted 00:20:59 (12062 turns).

Iusername the Severer (Minotaur Fighter)           Turns: 12062, Time: 00:21:00

Health: -1/102     AC: 20    Str: 25    XL:     11   Next: 80%
Magic:  10/10      EV:  8    Int:  5    God:    Dithmenos [**....]
Gold:   470        SH:  5    Dex: 10    Spells: 10/10 levels left

rFire   . . .      SeeInvis .    F - +3 broad axe (flame)
rCold   . . .      Faith    .    c - +0 buckler
rNeg    . . .      Spirit   .    h - +2 plate armour
rPois   .          Reflect  .    (helmet restricted)
rElec   .          Harm     .    o - +0 cloak
rCorr   +          Rampage  .    (no gloves)
Will    .....                    (no boots)
Stlth   ..........               (no amulet)
HPRegen 0.37/turn                s - ring of resist corrosion
MPRegen 0.12/turn                (no ring)

@: brilliant, lethally poisoned (-1 -> -14), wreathed by umbra, studying Armour
A: horns 2, retaliatory headbutt
a: Renounce Religion, Shadow Step


You were on level 1 of the Lair of Beasts.
You worshipped Dithmenos.
Dithmenos was pleased with you.
You visited 3 branches of the dungeon, and saw 12 of its levels.

You collected 470 gold pieces.

Inventory:

Hand Weapons
 F - a +3 broad axe of flaming (weapon)
Missiles
 a - 5 silver boomerangs
 q - 11 boomerangs (quivered)
Armour
 c - a +0 buckler (worn)
 h - a +2 plate armour (worn)
 o - a +0 cloak (worn)
Jewellery
 b - a +4 ring of protection
 e - an amulet of faith
 s - a ring of resist corrosion (left hand)
 v - an amulet of regeneration
 H - a +6 ring of dexterity
Wands
 n - a wand of quicksilver (8)
 r - a wand of polymorph (27)
 A - a wand of digging (6)
 L - a wand of paralysis (11)
 O - a wand of iceblast (9)
Scrolls
 f - 2 scrolls of noise
 i - a scroll of torment
 k - 3 scrolls of silence
 l - a scroll of immolation
 m - a scroll of summoning
 t - a scroll of blinking
 w - a scroll of identify
 y - 3 scrolls of magic mapping
 G - 4 scrolls of teleportation
Potions
 d - 4 potions of lignification {unknown}
 g - 2 potions of attraction {unknown}
 j - a potion of magic {unknown}
 p - 3 potions of flight
 u - 4 potions of brilliance
 z - 2 potions of invisibility {unknown}
 B - 2 potions of degeneration {unknown}
 C - 7 potions of curing {unknown}
 D - 3 potions of heal wounds {unknown}
 E - a potion of resistance {unknown}
 J - 2 potions of cancellation {unknown}
 N - 2 potions of haste {unknown}
 P - a potion of mutation {unknown}
Miscellaneous
 x - a box of beasts (inert)


   Skills:
 + Level 11.3 Fighting
 + Level 15.0 Axes
 + Level 14.9 Armour
 + Level 3.4 Dodging
 + Level 1.0 Stealth
 + Level 8.1 Shields


You had 10 spell levels left.
You didn't know any spells.
Your spell library contained the following spells:

 Spells                   Type           Power      Damage    Failure   Level
 Apportation              Tloc           0%         N/A       99%         1
 Magic Dart               Conj           0%         1d3       99%         1
 Searing Ray              Conj           0%         2d4       100%        2
 Vhi's Electric Charge    Tloc/Air       0%         N/A       100%        3
 Fulminant Prism          Conj/Hex       0%         3d6       100%        4
 Olgreb's Toxic Radiance  Pois           0%         N/A       100%        4
 Alistair's Intoxication  Tmut/Pois      0%         N/A       100%        5
 Arcjolt                  Conj/Air       0%         1d10      100%        5
 Ozocubu's Refrigeration  Ice            0%         4d7       100%        7
 Ignition                 Fire           0%         3d3       100%        8
 Maxwell's Capacitive Co  Air            0%         ∞         100%        8


Dungeon Overview and Level Annotations

Branches:
Dungeon (10/15)            Temple (1/1) D:7            Lair (1/5) D:10
    Orc (0/2) D:10

Altars:
Cheibriados
Dithmenos
Elyvilon
Gozag
Hepliaklqana
Kikubaaqudgha
Makhleb
Nemelex Xobeh
Okawaru
Qazlal
Ru
Trog
Uskayaw
Vehumet
Wu Jian
Xom
Zin

Shops:
D:2 :   D:6 *

Annotations:
D:5 2 runed translucent doors


Innate Abilities, Weirdness & Mutations

You have a pair of horns on your head.
You reflexively headbutt those who attack you in melee.


Message History

* * * LOW HITPOINT WARNING * * *
You slash the yak! You burn the yak. You headbutt the yak.
The yak is almost dead.
You hit the yak. You burn the yak. You closely miss the cane toad.
You feel sick.
The cane toad stings you but does no damage.
Your larval oxshock beast hits the yak but does no damage.
Your larval oxshock beast barely misses the yak.
You hit the yak. You burn the yak.
You kill the yak!
Dithmenos accepts your kill.
You barely miss the cane toad. You hit the yak but do no damage.
You feel sick.
The cane toad stings you but does no damage.
The yak gores you.
* * * LOW HITPOINT WARNING * * *
Your larval oxshock beast completely misses the yak.
Your larval oxshock beast tramples the yak but does no damage.
You block the cane toad's attack.
Your Shields skill increases to level 8!
The cane toad attacks as you move away! The cane toad stings you!
* * * LOW HITPOINT WARNING * * *
You feel sick. The yak gores you.
* * * LOW HITPOINT WARNING * * *
Your larval oxshock beast hits the yak but does no damage.
Your larval oxshock beast tramples the yak.
The yak holds its ground!
Things that are here:
a yak corpse; a komodo dragon corpse You hit the yak.
You burn the yak.
The yak is heavily wounded.
You slash the cane toad! You burn the cane toad.
You feel sick. The yak barely misses you.
Your larval oxshock beast hits the yak!
Your larval oxshock beast barely misses the yak.
The cane toad stings you.
* * * LOW HITPOINT WARNING * * *
You are lethally poisoned!
The cane toad poisons you!
It was a potion of brilliance.
You feel clever all of a sudden.
You die...

............ +.... #..
............ .........
........#.## ......+.#
#####...#### #.....#.#
#....# ....#.P ##...##
####....## #P...####
.........# ##....##.
......Y@# #.......
.....H†F# #####.......
........#####P##........
........................
........#.##...#####.#####.
...........#..#...........#
...........#..+...........#
..............#............
..............#...........#


You could see a yak (ally target), a cane toad and a friendly larval oxshock
beast (summoned).

Vanquished Creatures
  A two-headed ogre (D:5)
  Joseph (D:8)
  A black mamba (Lair:1)
  2 cane toads (Lair:1)
  An unseen horror (D:10)
  2 komodo dragons
  Maggie (D:6)
  A rime drake (Lair:1)
  A hornet (D:9)
  A troll (D:9)
  7 blink frogs (Lair:1)
  A wraith (D:8)
  13 yaks
  3 wyverns
  Sigmund (D:6)
  A vampire mosquito (D:5)
  Menkaure (D:6)
  2 steam dragons
  An acid dragon (D:9)
  5 water moccasins
  5 orc warriors
  5 black bears
  A sky beast (D:7)
  3 ice beasts
  A centaur (D:4)
  An ogre (D:5)
  4 wolves (Lair:1)
  A phantom (D:6)
  2 kobold brigands
  5 bullfrogs
  A necrophage (D:5)
  3 scorpions
  11 wights
  8 killer bees
  5 howler monkeys
  7 orc priests
  3 hounds (D:5)
  3 jellies
  Crazy Yiuf (D:2)
  2 gnoll boudas
  4 iguanas
  11 orc wizards
  Robin (D:2)
  11 adders
  20 gnolls
  A shadow imp (D:6)
  A white imp (D:4)
  2 ufetubi
  A worm (D:2)
  5 dart slugs
  41 orcs
  9 ball pythons
  5 endoplasms
  A giant cockroach (D:1)
  15 goblins
  9 hobgoblins
  3 jackals (D:5)
  8 kobolds
  2 quokkas (D:4)
  2 bats
  A frilled lizard (D:2)
  6 rats
278 creatures vanquished.

Vanquished Creatures (collateral kills)
  A wraith (D:5)
  A centaur (D:5)
2 creatures vanquished.

Vanquished Creatures (others)
  A wight (D:6)
  13 fungi (D:10)
  18 plants
32 creatures vanquished.

Grand Total: 312 creatures vanquished

Notes
Turn   | Place    | Note
-------+----------+-------------------------------------------
     0 | D:1      | Iusername the Minotaur Fighter began the quest for the Orb.
     0 | D:1      | Reached XP level 1. HP: 19/19 MP: 0/0
   213 | D:1      | Reached XP level 2. HP: 23/27 MP: 1/1
   698 | D:2      | Reached skill level 3 in Axes
   698 | D:2      | Reached XP level 3. HP: 19/33 MP: 2/2
  1088 | D:2      | Reached XP level 4. HP: 31/40 MP: 3/3
  1219 | D:2      | Noticed Robin
  1233 | D:2      | Reached skill level 4 in Axes
  1246 | D:2      | Killed Robin
  1293 | D:2      | Found Sympy's Book Emporium.
  1503 | D:2      | Reached XP level 5. HP: 27/47 MP: 4/4
  1868 | D:2      | Found a runed translucent door.
  1869 | D:2      | Identified a scroll of acquirement
  1872 | D:2      | Acquired a manual of Armour
  1874 | D:2      | Noticed Crazy Yiuf
  1879 | D:2      | Killed Crazy Yiuf
  1880 | D:2      | Reached skill level 5 in Armour
  2723 | D:4      | Noticed a centaur
  2732 | D:4      | Killed a centaur
  2733 | D:4      | Reached skill level 5 in Fighting
  2733 | D:4      | Reached skill level 5 in Axes
  2733 | D:4      | Reached skill level 1 in Dodging
  2733 | D:4      | Reached XP level 6. HP: 46/56 MP: 5/5
  3403 | D:5      | Entered Level 5 of the Dungeon
  3436 | D:5      | Reached skill level 6 in Axes
  3493 | D:5      | Noticed an angel
  3494 | D:5      | Found a glowing silver altar of Zin.
  3494 | D:5      | Found a shimmering altar of Xom.
  3579 | D:5      | Found a large runed translucent door.
  3582 | D:5      | Found a large runed translucent door.
  3582 | D:5      | Noticed a wraith
  3590 | D:5      | Noticed a water moccasin
  3599 | D:5      | Killed a water moccasin
  3600 | D:5      | Reached XP level 7. HP: 37/61 MP: 6/6
  3643 | D:5      | Noticed a wyvern
  3651 | D:5      | Killed a wyvern
  3652 | D:5      | Reached skill level 7 in Axes
  4002 | D:5      | Found a large runed translucent door.
  4002 | D:5      | Found a large runed translucent door.
  4032 | D:5      | Noticed a two-headed ogre
  4038 | D:5      | Noticed a vampire mosquito
  4039 | D:5      | Killed a two-headed ogre
  4040 | D:5      | Reached skill level 8 in Axes
  4040 | D:5      | Reached skill level 5 in Shields
  4040 | D:5      | Reached XP level 8. HP: 54/71 MP: 7/7
  4434 | D:5      | Reached skill level 9 in Axes
  4525 | D:5      | Reached XP level 9. HP: 74/79 MP: 8/8
  4945 | D:5      | Reached skill level 10 in Axes
  5098 | D:6      | Noticed Sigmund
  5099 | D:6      | Reached skill level 10 in Armour
  5101 | D:6      | Killed Sigmund
  5394 | D:6      | Found Luoreg's CLEARANCE SALE!.
  5536 | D:6      | Found a sacrificial altar of Ru.
  5601 | D:6      | Noticed Maggie
  5642 | D:6      | Killed Maggie
  5643 | D:6      | Reached skill level 11 in Axes
  6344 | D:6      | Noticed Menkaure
  6348 | D:6      | Killed Menkaure
  7102 | D:7      | Identified the +1 ring mail of Qeifrim {Will+ SInv}
  7122 | D:7      | Reached XP level 10. HP: 89/89 MP: 9/9
  7140 | D:7      | Found a staircase to the Ecumenical Temple.
  7159 | Temple   | Entered the Ecumenical Temple
  7192 | Temple   | Became a worshipper of Dithmenos the Shadowed
  7871 | D:8      | Noticed Joseph
  7894 | D:8      | Killed Joseph
  7895 | D:8      | Reached skill level 12 in Axes
  8185 | D:8      | Found a burning altar of Makhleb.
  8553 | D:9      | Reached * piety under Dithmenos
  8721 | D:9      | Reached skill level 10 in Fighting
  8728 | D:9      | Reached skill level 13 in Axes
  8869 | D:9      | Paralysed by a hornet for 3 turns
  9388 | D:9      | Reached XP level 11. HP: 101/101 MP: 10/10
  9464 | D:9      | Found a sparkling altar of Nemelex Xobeh.
 10209 | D:10     | Entered Level 10 of the Dungeon
 10315 | D:10     | Identified the +3 leather armour of the Skies Above {rF+
                  | Regen+}
 10321 | D:10     | Found a staircase to the Orcish Mines.
 10329 | D:10     | Acquired a +3 broad axe of flaming
 10774 | D:10     | Reached ** piety under Dithmenos
 10861 | D:10     | Found a staircase to the Lair.
 10955 | D:10     | Found an ornate altar of the Wu Jian Council.
 11018 | D:10     | Found an ancient bone altar of Kikubaaqudgha.
 11018 | D:10     | Found an opulent altar of Gozag.
 11183 | D:10     | Found a sparkling altar of Nemelex Xobeh.
 11340 | Lair:1   | Entered Level 1 of the Lair of Beasts
 11367 | Lair:1   | Reached skill level 14 in Axes
 11881 | Lair:1   | Reached skill level 1 in Stealth
 12053 | Lair:1   | Reached skill level 15 in Axes
 12061 | Lair:1   | HP: 2/102 [cane toad (5)]
 12062 | Lair:1   | Succumbed to a cane toad's poison

Illustrated notes

Levels and vault maps discovered:
D:1:      lemuel_arrival_muddy, layout_basic
D:2:      layout_basic, serial_shops, shop, grunt_ministairs_3,
          uniq_crazy_yiuf_cottage, uniq_robin
D:3:      wander_river, layout_rooms, hangedman_abyss_or_decor_lesser_grid,
          hangedman_decor_growths, corexii_item_surrounded_by_moat
D:4:      layout_cave_pools, serial_column_ruins, column_ruins_hut,
          column_ruins_square_medium, column_ruins_open_large,
          column_ruins_open_large, column_ruins_grid_1,
          column_ruins_columns_straight, column_ruins_corridor_dead_end,
          minmay_snake_closets
D:5:      layout_rooms, grunt_temple_overflow_order_and_chaos_1,
          kennysheep_cluttered_room, eino_curves_02,
          minmay_hollow_rounded_squares
D:6:      layout_loops_ring, mainiacjoe_overflow_24_doors,
          nicolae_shop_clearance, uniq_maggie, uniq_menkaure, uniq_sigmund
D:7:      layout_gridville, minmay_temple_entry_statues, wad_floor_pattern_2
D:8:      layout_gridville, lightli_temple_of_fire, roderic_roman_lattice,
          uniq_joseph
D:9:      layout_cross, serial_park, serial_park_square1
          [serial_park_minivault_5x5_2], serial_park_tiny_pond,
          serial_park_square3 [serial_park_minivault_5x5_1], serial_park_square3
          [serial_park_minivault_5x5_4]
D:10:     layout_cave_pools, pdpol_wu_jian_five_deadly_venoms,
          mainiacjoe_overflow_alcove_1, gammafunk_temple_overflow_statue,
          grunt_lair_entry_orc_guard_hut, orc_0_dummy, corexii_leaking_fountain
Temple:   nicolae_temple_superstar
Lair:1:   layout_chaotic_city, serial_bayou_shore_a, lemuel_fruit_fields

Skill      XL: |  1  2  3  4  5  6  7  8  9 10 11 |
---------------+----------------------------------+-----
Armour         | 4 5 6 8 9 11 13 14 | 14.9
Fighting       | 4 5 6 7 8 10 11 | 11.3
Axes           | 3 4 5 6 8 9 11 13 15 | 15.0
Shields        | 4 5 6 7 8 |  8.1
Dodging        | 1 2 3 |  3.4
Stealth        | 1 |  1.0

Action                   |  1- 3 |  4- 6 |  7- 9 | 10-12 || total
-------------------------+-------+-------+-------+-------++-------
Melee: War axe           |    60 |   166 |   228 |   213 ||   667
       Headbutt          |     3 |    25 |    35 |    74 ||   137
       Unarmed           |       |     6 |       |       ||     6
       Broad axe         |       |       |       |   153 ||   153
Evoke: Box of beasts     |       |       |     1 |     1 ||     2
  Use: Potion            |     1 |       |     3 |     3 ||     7
       Scroll            |       |     9 |    13 |     2 ||    24
Armor: Scale mail        |    17 |    75 |    14 |       ||   106
       Plate armour      |       |       |    93 |   210 ||   303
Dodge: Dodged            |    32 |    96 |    90 |   164 ||   382
Block: Buckler           |    18 |    35 |    50 |    94 ||   197

Table legend: (Time is in decaauts)
 A = Elapsed time spent in this place.
 B = Non-inter-level travel time spent in this place.
 C = Inter-level travel time spent in this place.
 D = Time resting spent in this place.
 E = Time spent auto-exploring this place.
 F = Levels seen in this place.
 G = Mean time per level.
                   A        B        C        D        E       F      G
               +--------+--------+--------+--------+--------+-----+--------+
         Total |  12155 |  11741 |    414 |   2899 |   6781 |  12 | 1012.9 |
       Dungeon |  11392 |  10978 |    414 |   2643 |   6450 |  10 | 1139.2 |
        Temple |     46 |     46 |      0 |      0 |      0 |   1 |   46.0 |
          Lair |    716 |    716 |      0 |    256 |    331 |   1 |  716.0 |
               +--------+--------+--------+--------+--------+-----+--------+

Top non-repeatable levels by time:
     D:6: 1784 daAuts
     D:5: 1707 daAuts
     D:9: 1652 daAuts
     D:2: 1490 daAuts
    D:10: 1125 daAuts
     D:8: 964 daAuts
     D:4: 717 daAuts
  Lair:1: 716 daAuts
     D:1: 712 daAuts
     D:7: 660 daAuts
     D:3: 577 daAuts
  Temple: 46 daAuts
